 Dungeon Crawl Stone Soup version 0.30.0-10-gfe55d96785 (webtiles) character file.

Game seed: 12725598440153041742

14 shadowrider38 the Slasher (level 2, 0/24 HPs)
             Began as a Demonspawn Cinder Acolyte on May 16, 2023.
             Was a High Priest of Ignis.
             Slain by an adder (3 damage)
             ... on level 1 of the Dungeon.
             The game lasted 00:00:52 (825 turns).

shadowrider38 the Slasher (DsCA)                     Turns: 825, Time: 00:00:52

Health: 0/24       AC:  2    Str: 14    XL:     2   Next: 31%
Magic:  2/3        EV: 11    Int: 15    God:    Ignis [*****.]
Gold:   33         SH:  0    Dex:  8    Spells: 1/3 levels left

rFire   + . .        a - -1 falchion (flame)
rCold   . . .        (no shield)
rNeg    . . .        b - +0 robe
rPois   .            (no helmet)
rElec   .            (no cloak)
rCorr   .            (no gloves)
SInv    .            (no boots)
Will    .....        (no amulet)
Stlth   +            (no ring)
HPRegen 0.24/turn    (no ring)
MPRegen 0.08/turn

%: no passive effects
@: lethally poisoned (0 -> -6)
A: powered by death 1
a: Renounce Religion, Fiery Armour, Foxfire Swarm, Rising Flame


You were on level 1 of the Dungeon.
You worshipped Ignis.
Ignis was extremely pleased with you.
You visited 1 branch of the dungeon, and saw 2 of its levels.

You collected 33 gold pieces.

Inventory:

Hand Weapons
 a - a -1 falchion of flaming (weapon)
Armour
 b - a +0 robe (worn)
Jewellery
 f - a ring of ice
Scrolls
 d - a scroll of noise {unknown}
 h - a scroll of magic mapping {unknown}
 T - a scroll of teleportation
Potions
 e - a potion of haste {unknown}
 g - 2 potions of might
 j - a potion of mutation
 k - a potion of lignification {unknown}


   Skills:
 - Level 3.0 Fighting
 * Level 3.4 Long Blades
 - Level 1.0 Spellcasting
 - Level 2.6 Fire Magic


You had one spell level left.
You knew the following spells:

 Your Spells              Type           Power      Damage    Failure   Level
a - Scorch                Fire           16%        2d5       12%         2

Your spell library contained the following spells:

 Spells                   Type           Power      Damage    Failure   Level
 Magic Dart               Conj           0%         1d3       24%         1
 Call Imp                 Summ           0%         N/A       36%         2
 Mephitic Cloud           Conj/Pois/Air  0%         N/A       58%         3


Dungeon Overview and Level Annotations

Branches:
Dungeon (2/15)

Altars:


Innate Abilities, Weirdness & Mutations

You regenerate a little health from kills.


Message History

There are monsters nearby!
Unknown command.
Casting: Scorch (safe; 12% risk of failure)
Press: ? - help, Q - select action, (/) - cycle Dir - look around, f - activate Flames lash the adder.
The adder is moderately wounded.
The adder's fire resistance burns away.
The hobgoblin shouts!
You hear a shout!
The adder bites you.
You are poisoned.
The adder poisons you!
A hobgoblin comes into view.
A rat comes into view.
You feel sick. The adder bites you.
You are more poisoned.
The adder poisons you!
You climb upwards.
You feel very sick.
There is a stone staircase leading down here.
You barely miss the adder.
The adder is lightly wounded.
You feel sick.
The adder is no longer more vulnerable to fire.
The adder closely misses you. The adder bites you.
You closely miss the adder.
The adder is lightly wounded.
You feel sick. The adder bites you.
You are more poisoned.
The adder poisons you!
You miss the adder.
The adder is lightly wounded.
You feel very sick. The adder barely misses you. The adder misses you.
Okay, then.
You feel sick.
You feel sick.
You miss the adder.
The adder is lightly wounded.
You feel sick. The adder bites you but does no damage.
The adder barely misses you.
You miss the adder.
The adder is lightly wounded.
You feel sick. The adder misses you.
You hit the adder. You burn the adder.
The adder is severely wounded.
You feel sick. The adder bites you.
* * * LOW HITPOINT WARNING * * *
You are lethally poisoned!
The adder poisons you! The adder bites you.
You die...

#........#.....##
###..###.#.####.#
#..# #.........
####..# ###.######
#.....# #.#
#.###.#####.# #.#
#.......# #.#
######### #@# #S#
#># #.#
############## #.#
#.....†.......
#.###.############
#(....# #######


You could see an adder.

Vanquished Creatures
  A dart slug (D:1)
  A bat (D:1)
  An endoplasm (D:1)
  4 jackals (D:1)
  3 ball pythons (D:1)
  A frilled lizard (D:1)
11 creatures vanquished.

Notes
Turn   | Place    | Note
-------+----------+-------------------------------------------
     0 | D:1      | shadowrider38 the Demonspawn Cinder Acolyte began the quest
                  | for the Orb.
     0 | D:1      | Reached XP level 1. HP: 18/18 MP: 2/2
   195 | D:1      | Reached skill level 3 in Long Blades
   382 | D:1      | Gained mutation: You regenerate a little health from kills.
                  | [demonic ancestry]
   382 | D:1      | Reached XP level 2. HP: 7/24 MP: 3/3
   792 | D:1      | Learned a level 2 spell: Scorch
   825 | D:1      | Slain by an adder

Illustrated notes

Levels and vault maps discovered:
D:1:      minmay_arrival_diagonal_passages, layout_loops_ring
D:2:      layout_loops_ring

Skill      XL: |  1 |
---------------+----+-----
Long Blades    | 3 |  3.4
Fighting       | |  3.0
Spellcasting   | |  1.0
Fire Magic     | |  2.6

Action                     || total
---------------------------++-------
  Melee: Falchion          ||    39
         Punch             ||     1
   Cast: Scorch            ||     1
 Invoke: Fiery Armour      ||     1
    Use: Scroll            ||     3
 Armour: Robe              ||    12
  Dodge: Dodged            ||    34
